 Dungeon Crawl Stone Soup version 0.27-a0-95-g5a9077b8ae (webtiles) character file.

Game seed: 15758089616201640335

1252 hehateme the Changer (level 8, -2/68 HPs)
             Began as a Green Draconian Transmuter on Jan 17, 2021.
             Was a Follower of Uskayaw.
             Killed from afar by an orc wizard (10 damage)
             ... with a magic dart
             ... on level 6 of the Dungeon.
             The game lasted 00:12:36 (8041 turns).

hehateme the Changer (Green Draconian Transmuter)   Turns: 8041, Time: 00:12:37

Health: -2/68      AC:  6    Str: 16    XL:     8   Next: 26%
Magic:  15/15      EV: 12    Int: 13    God:    Uskayaw [*.....]
Gold:   218        SH:  0    Dex: 11    Spells: 7/16 levels left

rFire    . . .     SeeInvis +     - Unarmed
rCold    . . .     Faith    .   (no shield)
rNeg     . . .     Spirit   .   (armour unavailable)
rPois    +         Reflect  .   (helmet restricted)
rElec    .         Harm     .   (no cloak)
rCorr    .         Rampage  .   (no gloves)
Will     .....                  (no boots)
Stlth    +.........             e - amulet of regeneration
HPRegen  0.61/turn              S - ring of see invisible
MPRegen  0.14/turn              (no ring)

@: no status effects
A: breathe noxious fumes, unfitting armour, poison resistance, cold-blooded, AC
+6
a: Breathe Noxious Fumes, Renounce Religion, Stomp


You were on level 6 of the Dungeon.
You worshipped Uskayaw.
Uskayaw was noncommittal.
You visited 2 branches of the dungeon, and saw 7 of its levels.

You collected 218 gold pieces.

Inventory:

Hand Weapons
 k - a +0 hunting sling
 l - a +0 dagger of chaos
Missiles
 b - 185 stones (quivered)
 d - 11 sling bullets
 i - 2 poisoned darts
 j - 78 bolts
 n - 5 silver boomerangs
 Q - 53 arrows
Jewellery
 e - an amulet of regeneration (around neck)
 S - a ring of see invisible (left hand)
Wands
 f - a wand of flame (20)
Scrolls
 a - a scroll of remove curse {unknown}
 c - a scroll of noise {unknown}
 g - a scroll of magic mapping {unknown}
 o - 3 scrolls of teleportation {unknown}
 p - a scroll of fear {unknown}
 q - 2 scrolls of identify {unknown}
Potions
 h - 2 potions of flight {unknown}
 m - 3 potions of curing {unknown}
 r - 3 potions of attraction {unknown}
 s - a potion of berserk rage {unknown}
 t - a potion of resistance {unknown}
 u - a potion of might {unknown}


   Skills:
 + Level 5.3 Fighting
 - Level 1.7 Dodging
 - Level 3.0 Unarmed Combat
 + Level 4.7 Spellcasting
 * Level 7.1 Transmutations
 - Level 2.4 Poison Magic


You had 7 spell levels left.
You knew the following spells:

 Your Spells              Type           Power        Failure   Level
a - Beastly Appendage     Tmut           42%          1%          1
c - Spider Form           Tmut/Pois      7%           9%          3
x - Blade Hands           Tmut           10%          28%         5

Your spell library contained the following spells:

 Spells                   Type           Power        Failure   Level
 Wereblood                Tmut           21%          1%          2
 Animate Skeleton         Necr           6%           19%         1
 Apportation              Tloc           6%           19%         1
 Corona                   Hex            3%           19%         1
 Foxfire                  Conj/Fire      12%          19%         1
 Summon Small Mammal      Summ           12%          19%         1
 Ice Form                 Ice/Tmut       12%          41%         4
 Conjure Flame            Conj/Fire      3%           50%         3
 Inner Flame              Hex/Fire       3%           50%         3
 Sticky Flame             Conj/Fire      3%           88%         4
 Fireball                 Conj/Fire      1%           99%         5


Dungeon Overview and Level Annotations

Branches:
Dungeon (6/15)             Temple (1/1) D:4

Altars:
Ashenzari
Cheibriados
Dithmenos
Elyvilon
Fedhas
Gozag
Hepliaklqana
Kikubaaqudgha
Makhleb
Nemelex Xobeh
Okawaru
Qazlal
Sif Muna
Trog
Uskayaw
Wu Jian
Xom
Yredelemnul
Zin
The Shining One
Jiyva

Annotations:
D:4 Menkaure


Innate Abilities, Weirdness & Mutations

You can breathe blasts of noxious fumes.
Your lurid green scales are hard. (AC +6)
You cannot fit into any form of body armour.
Your system is resistant to poisons. (rPois)
You are cold-blooded and may be slowed by cold attacks.


Message History

The bullfrog hits you but does no damage.
The orc warrior hits you with a +0 short sword.
* * * LOW HITPOINT WARNING * * *
You take 11 damage, and have 16/68 hp.
The hound bites you.
* * * LOW HITPOINT WARNING * * *
The bullfrog barely misses you.
The orc wizard hits you but does no damage.
You take 2 damage, and have 14/68 hp.
The hound bites you but does no damage.
The orc wizard casts a spell.
The orc wizard blinks!
The hound bites you.
* * * LOW HITPOINT WARNING * * *
The bullfrog hits you.
* * * LOW HITPOINT WARNING * * *
You take 8 damage, and have 6/68 hp.
The bullfrog swells and bulges.
The orc wizard casts a spell at you. The magic dart hits you!
You die...

.#. ... ... # #.#
#####o## #. #.# #....<..
##.####.# ###.######
#.......######.........
##.......o......#.).....
.........o......#######.
.......@hF.Y.≈..#
....###########.# # .o#
...####.# .Z. ...'....#
#o# ...###..#####.# #O#
#........# #)#
#..####### #.# #....#
##.# #######....#

Skill      XL: |  1  2  3  4  5  6  7  8 |
---------------+-------------------------+-----
Transmutations | 3 4 5 6 7 |  7.1
Fighting       | 2 3 5 |  5.3
Poison Magic   | 1 2 |  2.4
Spellcasting   | 3 4 |  4.7
Dodging        | |  1.7
Unarmed Combat | |  3.0

Notes
Turn   | Place    | Note
-------+----------+-------------------------------------------
     0 | D:1      | hehateme the Draconian Transmuter began the quest for the
                  | Orb.
     0 | D:1      | Reached XP level 1. HP: 16/16 MP: 3/3
   359 | D:1      | Reached XP level 2. HP: 23/23 MP: 5/5
  1302 | D:2      | Reached XP level 3. HP: 13/29 MP: 4/6
  1784 | D:1      | Reached skill level 3 in Transmutations
  2060 | D:2      | Reached skill level 2 in Fighting
  2556 | D:2      | Reached XP level 4. HP: 11/36 MP: 7/7
  2559 | D:2      | HP: 9/36 [poisoned by an adder]
  2564 | D:2      | HP: 8/36 [poisoned by an adder]
  2571 | D:2      | HP: 6/36 [poisoned by an adder]
  2579 | D:2      | HP: 5/36 [poisoned by an adder]
  2936 | D:2      | Learned a level 3 spell: Spider Form
  3628 | D:3      | Reached XP level 5. HP: 42/42 MP: 9/9
  3629 | D:3      | Found a broken altar of Ashenzari.
  3847 | D:3      | Reached skill level 4 in Transmutations
  3847 | D:3      | Reached skill level 1 in Poison Magic
  4041 | D:3      | Found a shimmering altar of Xom.
  4080 | D:3      | Reached skill level 3 in Spellcasting
  4099 | D:3      | Reached skill level 3 in Fighting
  4211 | D:3      | Reached XP level 6. HP: 51/51 MP: 10/10
  4215 | D:3      | Found a broken altar of Ashenzari.
  4450 | D:3      | Reached skill level 2 in Poison Magic
  4489 | D:4      | Found a staircase to the Ecumenical Temple.
  4503 | Temple   | Entered the Ecumenical Temple
  4624 | Temple   | Became a worshipper of Uskayaw the Reveller
  4746 | D:4      | Reached * piety under Uskayaw
  4767 | D:4      | Noticed Menkaure
  4851 | D:4      | Found an opulent altar of Gozag.
  4851 | D:4      | Found a glowing silver altar of Zin.
  4881 | D:4      | Noticed Robin
  5098 | D:4      | Reached ** piety under Uskayaw
  5101 | D:4      | Reached skill level 5 in Transmutations
  5294 | D:4      | Found a sparkling altar of Nemelex Xobeh.
  5596 | D:3      | Your scales start taking on a lurid green colour.
  5596 | D:3      | Reached XP level 7. HP: 58/58 MP: 9/12
  5596 | D:3      | Gained mutation: Your system is resistant to poisons.
                  | (rPois) [Green Draconian growth]
  5651 | D:4      | Killed Robin
  5755 | D:5      | Entered Level 5 of the Dungeon
  5879 | D:5      | Reached skill level 4 in Fighting
  5951 | D:5      | HP: 12/59 [gnoll/+0 halberd (15)]
  6472 | D:5      | Found a shadowy altar of Dithmenos.
  6474 | D:5      | Found an ornate altar of the Wu Jian Council.
  6474 | D:5      | Found an iron altar of Okawaru.
  6477 | D:5      | Found a blossoming altar of Fedhas.
  6546 | D:5      | Reached skill level 4 in Spellcasting
  6554 | D:5      | Reached *** piety under Uskayaw
  6555 | D:5      | Reached skill level 6 in Transmutations
  7404 | D:6      | Learned a level 5 spell: Blade Hands
  7478 | D:6      | HP: 12/60 [ice beast (7)]
  7511 | D:5      | Reached skill level 5 in Fighting
  7511 | D:5      | Reached XP level 8. HP: 23/68 MP: 8/14
  7664 | D:6      | Reached skill level 7 in Transmutations
  8037 | D:6      | HP: 16/68 [orc warrior/+0 short sword (6)]
  8039 | D:6      | HP: 6/68 [bullfrog (5)]
  8041 | D:6      | Killed from afar by an orc wizard

Table legend: (Time is in decaauts)
 A = Elapsed time spent in this place.
 B = Non-inter-level travel time spent in this place.
 C = Inter-level travel time spent in this place.
 D = Time resting spent in this place.
 E = Time spent auto-exploring this place.
 F = Levels seen in this place.
 G = Mean time per level.
                   A        B        C        D        E       F      G
               +--------+--------+--------+--------+--------+-----+--------+
         Total |   8063 |   7892 |    171 |   2536 |   3903 |   7 | 1151.9 |
       Dungeon |   7825 |   7670 |    155 |   2436 |   3819 |   6 | 1304.2 |
        Temple |    238 |    222 |     16 |    100 |     84 |   1 |  238.0 |
               +--------+--------+--------+--------+--------+-----+--------+

Top non-repeatable levels by time:
     D:2: 2206 daAuts
     D:1: 1248 daAuts
     D:4: 1165 daAuts
     D:3: 1158 daAuts
     D:5: 1146 daAuts
     D:6: 899 daAuts
  Temple: 238 daAuts

Table legend:
 A = Kills in this place as a percentage of kills in entire the game.
 B = Kills by you in this place as a percentage of kills by you in the entire game.
 C = Kills by friends in this place as a percentage of kills by friends in the entire game.
 D = Other kills in this place as a percentage of other kills in the entire game.
 E = Experience gained in this place as a percentage of experience gained in the entire game.
 F = Experience gained in this place divided by the number of levels of this place that you have seen.
                   A       B       C       D       E      F
               +-------+-------+-------+-------+-------+----------------------
         Total | 100.0 | 100.0 |   N/A |   N/A | 100.0 | 255.6
       Dungeon | 100.0 | 100.0 |   N/A |   N/A | 100.0 | 298.2
               +-------+-------+-------+-------+-------+----------------------

Action                   |  1- 3 |  4- 6 |  7- 9 || total
-------------------------+-------+-------+-------++-------
Melee: Unarmed           |   134 |   179 |   157 ||   470
       Tailslap          |    10 |    16 |     2 ||    28
       Kick              |    20 |    22 |       ||    42
       Headbutt          |     3 |    26 |       ||    29
       Punch             |     1 |       |       ||     1
 Fire: Hunting sling     |       |    20 |       ||    20
Throw: Stone             |    11 |     7 |     5 ||    23
 Cast: Beastly Appendage |    22 |    25 |       ||    47
       Spider Form       |       |     6 |    23 ||    29
 Abil: Breathe Noxious F |       |       |     1 ||     1
 Stab: Sleeping          |       |       |     1 ||     1
Armor: Skin              |    39 |    45 |    17 ||   101
Dodge: Dodged            |    94 |   134 |   131 ||   359

Vanquished Creatures
  2 ice beasts (D:5)
  3 ogres
  4 crimson imps (D:3)
  A centaur zombie (D:6)
  A bullfrog skeleton (D:3)
  2 hounds
  A bullfrog zombie (D:5)
  An orc priest (D:6)
  2 orc wizards (D:6)
  A centaur skeleton (D:5)
  An iguana (D:4)
  5 worker ants
  A hound zombie (D:6)
  A worker ant zombie (D:6)
  Robin (D:4)
  4 gnolls (D:5)
  8 adders
  An ooze (D:2)
  An adder skeleton (D:4)
  2 worms (D:2)
  A dart slug (D:2)
  5 leopard geckos
  10 orcs
  2 giant cockroaches
  19 goblins
  9 hobgoblins
  4 jackals (D:6)
  2 quokkas
  5 bats
  3 frilled lizards
  13 kobolds
  4 rats
120 creatures vanquished. You could see an orc warrior, a sky beast (poisoned, slow), a bullfrog, a hound and an orc wizard (fast).

Levels and vault maps discovered:
D:1:      dpeg_arrival_lava_temple_mockup, layout_basic
D:2:      minmay_recursive_quarters, layout_basic, serial_rivers,
          chequers_serial_rivers_micro_e, chequers_serial_rivers_large_b,
          chequers_serial_rivers_micro_d, chequers_serial_rivers_micro_c,
          chequers_serial_rivers_marsh, chequers_serial_rivers_room_b,
          kennysheep_cluttered_room
D:3:      layout_loops_ring, led_xom_imps, nicolae_overflow_crystal_walls,
          cheibrodos_ashenzari_chains
D:4:      layout_layer_cave, grunt_temple_overflow_gold_and_silver,
          nemelex_xobeh_ov_fountains_minmay, minmay_temple_entry_offerings,
          minmay_cupped, uniq_robin, uniq_menkaure
D:5:      layout_rooms, minitemple
D:6:      kennysheep_six_static_rooms, layout_basic, uniq_grinder
Temple:   pf_slimified_temple
